 Dungeon Crawl Stone Soup version 0.29.1-4-g47bece8355 (webtiles) character file.

Game seed: 5475763150319799884

114 LCPRIV the Conjurer (level 4, 0/24 HPs)
             Began as a Deep Elf Conjurer on Dec 2, 2022.
             Was a Follower of Elyvilon.
             Slain by a wraith (11 damage)
             ... in an ossuary.
             The game lasted 00:18:39 (3280 turns).

LCPRIV the Conjurer (Deep Elf Conjurer)             Turns: 3280, Time: 00:18:40

Health: 0/24       AC:  3    Str:  4    XL:     4   Next: 67%
Magic:  2/12       EV: 11    Int: 25    God:    Elyvilon [*.....]
Gold:   119        SH:  0    Dex: 13    Spells: 8/11 levels left

rFire   . . .      SeeInvis .   j - +2 dagger
rCold   . . .      Faith    .   (no shield)
rNeg    . . .      Spirit   .   l - +0 leather armour
rPois   .          Reflect  .   (no helmet)
rElec   .          Harm     .   (no cloak)
rCorr   .          Rampage  .   (no gloves)
Will    .....                   (no boots)
Stlth   ++........              (no amulet)
HPRegen 0.08/turn               (no ring)
MPRegen 0.13/turn               (no ring)

@: no status effects
A: no striking features
a: Renounce Religion, Purification


You were in an ossuary.
You worshipped Elyvilon.
Elyvilon was aware of your devotion.
You visited 1 branch of the dungeon, and saw 4 of its levels.
You also visited: Ossuary.

You collected 119 gold pieces.

Inventory:

Hand Weapons
 g - a +0 mace of holy wrath
 j - a +2 dagger (weapon)
Armour
 a - a +0 robe
 l - a +0 leather armour (worn)
Scrolls
 d - a scroll of fog
Potions
 b - a potion of magic
 c - a potion of curing
 e - a potion of flight {unknown}
 f - a potion of ambrosia
 i - a potion of might {unknown}
 k - a potion of lignification {unknown}
 m - a potion of mutation {unknown}
 n - a potion of brilliance {unknown}
 o - 2 potions of haste {unknown}
 p - 2 potions of resistance {unknown}


   Skills:
 - Level 2.9 Dodging
 + Level 3.9 Stealth
 + Level 4.4 Spellcasting
 + Level 5.1 Conjurations
 + Level 1.0 Invocations


You had 8 spell levels left.
You knew the following spells:

 Your Spells              Type           Power      Damage    Failure   Level
a - Magic Dart            Conj           100%       1d8       1%          1
b - Searing Ray           Conj           62%        2d6       3%          2

Your spell library contained the following spells:

 Spells                   Type           Power      Damage    Failure   Level
 Dazzling Flash           Conj/Hex       36%        N/A       16%         3
 Fulminant Prism          Conj/Hex       9%         3d7       47%         4
 Iskenderun's Mystic Bla  Conj/Tloc      18%        2d6       47%         4


Dungeon Overview and Level Annotations

Branches:
Dungeon (4/15)            Ossuary (1/1)
 Temple: D:4-7

Altars:
Cheibriados
Elyvilon
Gozag
Kikubaaqudgha
Qazlal
Uskayaw
Vehumet
Yredelemnul
Zin

Annotations:
D:3 2 runed translucent doors, elongatedgoose's ghost, amateur MiFi


Message History

Confirm with . or Enter, or press ? or * to list all spells.
Aiming: Searing Ray (safe; 3% risk of failure)
Press: ? - help, Shift-Dir - straight line, f/p - wraith
Aim: a wraith (79% to hit)
The searing ray hits the wraith.
The wraith is lightly damaged. (Press . to maintain the ray.)
The wraith barely misses you.
The searing ray misses the wraith.
The wraith misses you.
The searing ray hits the wraith but does no damage.
The wraith is lightly damaged.
The wraith closely misses you.
The searing ray hits the wraith.
The wraith is moderately damaged.
You finish channelling your searing ray.
The wraith hits you!
* * * LOW HITPOINT WARNING * * *
Casting: Searing Ray (safe; 3% risk of failure)
Confirm with . or Enter, or press ? or * to list all spells.
Aiming: Searing Ray (safe; 3% risk of failure)
Press: ? - help, Shift-Dir - straight line, f/p - wraith
Aim: a wraith (lightly damaged, 79% to hit)
Okay, then.
You feel better. The wraith barely misses you.
Casting: Searing Ray (safe; 3% risk of failure)
Confirm with . or Enter, or press ? or * to list all spells.
Aiming: Searing Ray (safe; 3% risk of failure)
Press: ? - help, Shift-Dir - straight line, f/p - wraith
Aim: a wraith (lightly damaged, 79% to hit)
The searing ray hits the wraith!
The wraith is heavily damaged. (Press . to maintain the ray.)
The wraith barely misses you.
The searing ray hits the wraith.
The wraith is heavily damaged.
The wraith closely misses you.
The searing ray hits the wraith but does no damage.
The wraith is heavily damaged.
The wraith hits you!
You die...

.# #..# .#
#..#+#..#
#..#.#..#.#
..........
.........
####......# #.
#?W@..8...#
#..####......#
#............#.#
#...............
#..####.####....
#..# +..# ..8.
#..####.####...
#..............
#............#.


You could see a wraith.

Vanquished Creatures
  An iguana (D:4)
  A mummy (Ossuary)
  An adder (D:2)
  4 dart slugs
  A worm (D:3)
  3 orcs (D:3)
  3 endoplasms
  3 giant cockroaches
  3 goblins (D:1)
  3 hobgoblins (D:1)
  2 kobolds
  3 quokkas
  11 ball pythons
  6 bats
  A frilled lizard (D:1)
  A goblin zombie (Ossuary)
  3 hobgoblin zombies (Ossuary)
  A kobold zombie (Ossuary)
  5 rats
56 creatures vanquished.

Notes
Turn   | Place    | Note
-------+----------+-------------------------------------------
     0 | D:1      | LCPRIV the Deep Elf Conjurer began the quest for the Orb.
     0 | D:1      | Reached XP level 1. HP: 10/10 MP: 6/6
   193 | D:1      | Reached XP level 2. HP: 15/15 MP: 2/8
   280 | D:1      | Learned a level 2 spell: Searing Ray
   685 | D:1      | Found a faded altar of an unknown god.
   824 | D:1      | Reached XP level 3. HP: 19/19 MP: 8/10
  2063 | D:3      | Found a runed translucent door.
  2064 | D:3      | Found a hide-covered altar of Uskayaw.
  2224 | D:3      | Found an opulent altar of Gozag.
  2225 | D:3      | Found a glowing silver altar of Zin.
  2225 | D:3      | Found a snail-covered altar of Cheibriados.
  2228 | D:3      | Found a basalt altar of Yredelemnul.
  2228 | D:3      | Found an ancient bone altar of Kikubaaqudgha.
  2231 | D:3      | Found a radiant altar of Vehumet.
  2231 | D:3      | Found a white marble altar of Elyvilon.
  2232 | D:3      | Found a stormy altar of Qazlal.
  2265 | D:3      | Became a worshipper of Elyvilon the Healer
  2300 | D:3      | Found a runed translucent door.
  2548 | D:3      | Noticed elongatedgoose's ghost (amateur MiFi)
  2712 | D:3      | Reached XP level 4. HP: 24/24 MP: 10/12
  2969 | D:4      | Reached skill level 5 in Conjurations
  3031 | D:4      | Found a sand-covered staircase.
  3038 | Ossuary  | Entered an ossuary
  3038 | Ossuary  | Noticed a wraith
  3038 | Ossuary  | Noticed a wraith
  3038 | Ossuary  | Noticed a wraith
  3138 | Ossuary  | Reached skill level 1 in Invocations
  3264 | Ossuary  | Reached * piety under Elyvilon
  3270 | Ossuary  | Noticed a wraith
  3280 | Ossuary  | Slain by a wraith

Illustrated notes

Levels and vault maps discovered:
D:1:      dpeg_arrival_rooms_b, layout_rooms,
          hellmonk_ecumenical_altar_heavens_door
D:2:      layout_basic
D:3:      layout_basic, grunt_temple_overflow_open, nicolae_uskayaw_dance_hall,
          ebering_ghost_sewer_f, chequers_decorated_corner, minivault_19,
          minmay_misc_feat_more_columns
D:4:      layout_gridville, grunt_dithmenos_smoke_and_mirrors,
          lightli_ossuary_entry_decrepit_ruins, st_stairs_11,
          minmay_ogre_servants
Ossuary:  ossuary_kennysheep_city_of_the_dead

Skill      XL: |  1  2  3  4 |
---------------+-------------+-----
Stealth        | 3 |  3.9
Spellcasting   | 4 |  4.4
Conjurations   | 5 |  5.1
Invocations    | 1 |  1.0
Dodging        | |  2.9

Action                   |  1- 3 |  4- 6 || total
-------------------------+-------+-------++-------
Melee: Short sword       |     3 |       ||     3
 Cast: Magic Dart        |    76 |    29 ||   105
       Searing Ray       |     1 |     3 ||     4
  Use: Scroll            |     8 |     1 ||     9
       Potion            |       |     1 ||     1
Armor: Leather armour    |     2 |     2 ||     4
Dodge: Dodged            |     8 |     6 ||    14
